 Dungeon Crawl Stone Soup version 0.30-a0-297-g0ec75d9ef4 (webtiles) character file.

Game seed: 3034215573253132926

175 Harunobu the Trooper (level 5, 0/48 HPs)
             Began as a Minotaur Monk on Oct 18, 2022.
             Slain by a gnoll bouda
             ... wielding a +0 club
              (5 damage)
             ... on level 3 of the Dungeon.
             The game lasted 00:04:27 (2412 turns).

Harunobu the Trooper (Minotaur Monk)                Turns: 2412, Time: 00:04:27

Health: 0/48       AC:  9    Str: 18    XL:     5   Next: 29%
Magic:  0/4        EV:  3    Int:  7    God:
Gold:   148        SH: 10    Dex: 12    Spells: 4/4 levels left

rFire   + . .      SeeInvis .    f - +0 whip
rCold   + . .      Faith    .    q - +0 tower shield
rNeg    . . .      Spirit   +    r - +0 chain mail
rPois   +          Reflect  .    (helmet restricted)
rElec   +          Harm     .    (no cloak)
rCorr   +          Rampage  .    o - +0 pair of gloves
Will    .....                    (no boots)
Stlth   ..........               m - amulet of guardian spirit
HPRegen 0.28/turn                (no ring)
MPRegen 0.09/turn                (no ring)

@: resistant
A: horns 2, retaliatory headbutt
a: no special abilities


You were on level 3 of the Dungeon.
You visited 1 branch of the dungeon, and saw 4 of its levels.

You collected 148 gold pieces.

Inventory:

Hand Weapons
 a - a +0 mace
 f - a +0 whip (weapon)
Missiles
 t - a throwing net (quivered)
Armour
 b - a +0 robe
 e - a +0 ring mail
 n - a +0 buckler
 o - a +0 pair of gloves (worn)
 q - a +0 tower shield (worn)
 r - a +0 chain mail (worn)
Jewellery
 m - an amulet of guardian spirit (around neck)
 p - a ring of see invisible
Scrolls
 d - 2 scrolls of identify {unknown}
 g - a scroll of noise {unknown}
 h - 4 scrolls of teleportation {unknown}
 j - a scroll of amnesia {unknown}
Potions
 c - a potion of ambrosia
 i - 2 potions of resistance
 k - 2 potions of heal wounds {unknown}
 l - a potion of brilliance {unknown}
 s - a potion of flight {unknown}


   Skills:
 + Level 5.0 Fighting
 - Level 3.9 Maces & Flails
 + Level 4.6 Dodging
 + Level 3.0 Stealth


You had 4 spell levels left.
You didn't know any spells.
Your spell library contained the following spells:

 Spells                   Type           Power      Damage    Failure   Level
 Blink                    Tloc           0%         N/A       100%        2
 Portal Projectile        Hex/Tloc       0%         N/A       100%        3
 Tukima's Dance           Hex            0%         N/A       100%        3
 Manifold Assault         Tloc           0%         N/A       100%        4
 Blade Hands              Tmut           0%         N/A       100%        5
 Storm Form               Tmut/Air       0%         N/A       100%        7


Dungeon Overview and Level Annotations

Branches:
Dungeon (4/15)
 Temple: D:4-7

Altars:
Elyvilon
Xom

Annotations:
D:2 Sigmund


Innate Abilities, Weirdness & Mutations

You have a pair of horns on your head.
You reflexively headbutt those who attack you in melee.


Message History

There is a stone staircase leading up here.
You block the gnoll bouda's attack.
You barely miss the gnoll bouda. Your headbutt misses the gnoll bouda.
The gnoll bouda barely misses you.
The gnoll hits you from afar with a +0 halberd.
You hit the gnoll bouda. You headbutt the gnoll bouda!
The gnoll bouda is heavily wounded.
You block the gnoll bouda's attack. You block the gnoll's attack.
You barely miss the gnoll bouda.
The gnoll bouda is heavily wounded.
The gnoll bouda hits you with a +0 club!
The gnoll hits you from afar with a +0 halberd!
The gnoll bouda gazes fiercely through you!
You feel your attacks grow feeble.
The gnoll bouda hits you with a +0 club!
The gnoll hits you from afar with a +0 halberd!
* * * LOW HITPOINT WARNING * * *
There is a stone staircase leading up here.
You block the gnoll bouda's attack.
The gnoll hits you from afar with a +0 halberd.
* * * LOW HITPOINT WARNING * * *
You climb upwards.
There is a stone staircase leading down, spattered with blood here.
Your attacks no longer feel as feeble.
You see here a +0 dagger.
You hit the gnoll bouda.
The gnoll bouda is severely wounded.
The gnoll bouda hits you with a +0 club.
* * * LOW HITPOINT WARNING * * *
The gnoll bouda attacks as you move away!
The gnoll bouda hits you with a +0 club.
* * * LOW HITPOINT WARNING * * *
It was a potion of resistance.
You feel protected. You block the gnoll bouda's attack.
You hit the gnoll bouda but do no damage.
Your headbutt misses the gnoll bouda.
The gnoll bouda is severely wounded.
The gnoll bouda hits you with a +0 club.
You die...

#.###........................
#.# #.......##.#.......####..
#.# #.......##.....##### #..
#.###.....#.#####..# #..
#.##........#####..# #..
##.##..###..........#
######..
#.#......#..#######.#
#.......
##.##..#....#######.#
#.####..
####........@g>)...###.####..
#.......#######...........
######### #.###.#..#.#
#.###......# #.##........
#[##.##.###. #.......# #.
#.......# #. ###...#####.


You could see a gnoll bouda.

Vanquished Creatures
  6 gnolls
  5 adders
  An ufetubus (D:4)
  A worm (D:3)
  A dart slug (D:2)
  10 ball pythons
  3 bats
  4 endoplasms
  3 giant cockroaches (D:1)
  8 goblins
  7 hobgoblins
  6 kobolds (D:1)
  3 quokkas
  4 frilled lizards
  2 rats
64 creatures vanquished.

Notes
Turn   | Place    | Note
-------+----------+-------------------------------------------
     0 | D:1      | Harunobu the Minotaur Monk began the quest for the Orb.
     0 | D:1      | Reached XP level 1. HP: 19/19 MP: 0/0
   126 | D:1      | Reached XP level 2. HP: 24/27 MP: 1/1
   316 | D:1      | Reached skill level 4 in Fighting
   487 | D:1      | Reached XP level 3. HP: 33/33 MP: 2/2
   654 | D:2      | Noticed Sigmund
  1179 | D:3      | Reached XP level 4. HP: 38/41 MP: 3/3
  1497 | D:3      | Found a white marble altar of Elyvilon.
  1537 | D:3      | Found a shimmering altar of Xom.
  2128 | D:2      | Reached XP level 5. HP: 47/47 MP: 4/4
  2166 | D:2      | You fall into a shaft and drop 2 floors!
  2263 | D:4      | Reached skill level 5 in Fighting
  2412 | D:3      | Slain by a gnoll bouda

Illustrated notes

Levels and vault maps discovered:
D:1:      dpeg_arrival_renting, layout_rooms, corexii_item_surrounded_by_moat,
          item_on_display_a
D:2:      layout_basic, basic_altar, uniq_sigmund, uniq_jessica
D:3:      layout_loops_cross, old_standard_altar, elyvilon_altar_4
D:4:      layout_basic, lemuel_coloured_pillars_altar, marbit_many_paths

Skill      XL: |  1  2  3  4  5 |
---------------+----------------+-----
Fighting       | 4 5 |  5.0
Stealth        | 2 3 |  3.0
Dodging        | 4 |  4.6
Maces & Flails | |  3.9

Action                   |  1- 3 |  4- 6 || total
-------------------------+-------+-------++-------
Melee: Mace              |    20 |       ||    20
       Punch             |     1 |       ||     1
       Whip              |    69 |    78 ||   147
       Headbutt          |    10 |    18 ||    28
  Use: Potion            |       |     1 ||     1
 Stab: Sleeping          |       |     1 ||     1
Armor: Ring mail         |    26 |    19 ||    45
       Chain mail        |       |    11 ||    11
Dodge: Dodged            |    53 |    25 ||    78
Block: Tower shield      |       |    40 ||    40
       Buckler           |       |     2 ||     2

Table legend: (Time is in decaauts)
 A = Elapsed time spent in this place.
 B = Non-inter-level travel time spent in this place.
 C = Inter-level travel time spent in this place.
 D = Time resting spent in this place.
 E = Time spent auto-exploring this place.
 F = Levels seen in this place.
 G = Mean time per level.
                   A        B        C        D        E       F      G
               +--------+--------+--------+--------+--------+-----+--------+
         Total |   2430 |   2335 |     95 |    610 |   1036 |   4 |  607.5 |
       Dungeon |   2430 |   2335 |     95 |    610 |   1036 |   4 |  607.5 |
               +--------+--------+--------+--------+--------+-----+--------+

Top non-repeatable levels by time:
     D:3: 1038 daAuts
     D:1: 680 daAuts
     D:2: 569 daAuts
     D:4: 142 daAuts
